 Dungeon Crawl Stone Soup version 0.13.2 (webtiles) character file.

257 Nicoed the Magician (level 5, 0/36 HPs)
             Began as a Draconian Wizard on Oct 13, 2014.
             Slain by Nicoed's ghost (7 damage)
             ... on Level 3 of the Dungeon.
             The game lasted 00:17:56 (1849 turns).

Nicoed the Magician (Draconian Wizard)              Turns: 1849, Time: 00:17:56

HP   0/36        AC  5     Str  9      XL: 5   Next: 13%
MP   0/14        EV 12     Int 20      God:
Gold 103         SH  0     Dex  9      Spells:  4 memorised,  3 levels left

Res.Fire  : . . .   See Invis. : +   (no weapon)
Res.Cold  : . . .   Warding    : .   (armour unavailable)
Life Prot.: . . .   Conserve   : .   (no shield)
Res.Poison: .       Res.Corr.  : .   b - +0 wizard hat
Res.Elec. : .       Clarity    : +   (no cloak)
Sust.Abil.: . .     Spirit.Shd : .   (no gloves)
Res.Mut.  : .       Stasis     : .   (no boots)
Res.Rott. : .       Flight     : .   i - amulet of clarity {unknown}
Saprovore : . . .                    (no ring)
                                     l - ring of see invisible

@: very slightly contaminated, slightly resistant to hostile enchantments,
unstealthy
A: unfitting armour, AC +5
a: no special abilities


You were on level 3 of the Dungeon.
You were not hungry.

You visited 1 branch of the dungeon, and saw 3 of its levels.

You collected 83 gold pieces.

Inventory:

Missiles
 k - 2 darts of flame (quivered)
Armour
 a - a +0 shield
 b - a +0 wizard hat (worn)
Magical devices
 d - a wand of lightning (3)
Comestibles
 h - 2 meat rations
 q - a bread ration
Scrolls
 f - 4 scrolls of identify {unknown}
 g - 2 scrolls of remove curse {unknown}
 j - 3 scrolls of amnesia {unknown}
 m - a scroll of random uselessness {unknown}
 p - 2 scrolls of teleportation {unknown}
Jewellery
 i - an amulet of clarity (around neck) {unknown}
 l - a ring of see invisible (left hand)
Potions
 e - a potion of curing {unknown}
 n - a potion of restore abilities {unknown}
 o - a potion of mutation {unknown}
 r - a potion of berserk rage {unknown}
Books
 c - a book of Minor Magic

   Spells                             Type                      Level
   *Magic Dart                        Conjuration                  1
   *Blink                             Translocation                2
   Call Imp                           Summoning                    2
   Repel Missiles                     Charms/Air                   2
   Slow                               Hexes                        2
   *Conjure Flame                     Conjuration/Fire             3
   *Mephitic Cloud                    Conjuration/Poison/Air       3


   Skills:
 + Level 2.6 Dodging
 - Level 1.7 Stealth
   Level 0.2 Shields
 * Level 4.2 Spellcasting
 + Level 2.4 Conjurations
   Level 1.0 Summonings
 + Level 1.8 Translocations


You had 3 spell levels left.
You knew the following spells:

 Your Spells              Type           Power        Failure   Level  Hunger
a - Magic Dart            Conj           ##..         6%          1    None
b - Conjure Flame         Conj/Fire      #.......     24%         3    ###....
c - Mephitic Cloud        Conj/Pois/Air  #.......     30%         3    ###....
d - Blink                 Tloc           N/A          12%         2    #......


Dungeon Overview and Level Annotations

Branches:
Dungeon (3/27)

Altars:

Annotations:
D:2 Sigmund
D:3 Nicoed's ghost, average DgHu


Message History

* * * LOW HITPOINT WARNING * * *
You hit Nicoed's ghost but do no damage.
Nicoed's ghost is almost destroyed.
Nicoed's ghost hits you but does no damage.
Casting: Magic Dart
Confirm with . or Enter, or press ? or * to list all spells.
Aiming: Magic Dart
Press: ? - help, Shift-Dir - straight line, f/p - Nicoed's ghost
Aim: Nicoed's ghost (almost destroyed)
The magic dart hits Nicoed's ghost.
Nicoed's ghost is almost destroyed.
Nicoed's ghost barely misses you.
You hit Nicoed's ghost.
Nicoed's ghost is almost destroyed.
Nicoed's ghost hits you.
* * * LOW HITPOINT WARNING * * *
You hit Nicoed's ghost but do no damage.
Nicoed's ghost is almost destroyed.
Nicoed's ghost hits you!
You die...

.# #......# .######
#..%...# ......#
#.##....... ......#
#####.##..#### ......#
#.........#
......######.###..%..#
)........)...# #..##.####
.............# #.p......#.#
.............# #@###......#
....########.###.##.......#
.............##...........#
....###....####......#%...#
..............'.>....#....#
....###......##......#.#.##
....# #......##......#.#..
....# #......#########....
....# #......# #


You could see Nicoed's ghost.

Vanquished Creatures
  2 orc priests (D:3)
  A hound skeleton (D:3)
  An adder (D:2)
  2 worms
  An adder skeleton (D:3)
  2 giant geckos
  An ooze (D:2)
  3 orcs (D:3)
  A ball python (D:2)
  12 bats
  A giant cockroach (D:3)
  11 hobgoblins
  2 quokkas
  3 giant newts
  2 goblins (D:1)
  10 kobolds
  5 rats
60 creatures vanquished.

Notes
Turn   | Place    | Note
--------------------------------------------------------------
     0 | D:1      | Nicoed, the Draconian Wizard, began the quest for the Orb.
     0 | D:1      | Reached XP level 1. HP: 12/12 MP: 5/5
   325 | D:1      | Reached XP level 2. HP: 10/18 MP: 0/7
   769 | D:2      | Reached XP level 3. HP: 20/24 MP: 1/9
   800 | D:2      | Learned a level 3 spell: Conjure Flame
   805 | D:2      | Learned a level 3 spell: Mephitic Cloud
  1036 | D:2      | Noticed Sigmund
  1044 | D:2      | Learned a level 2 spell: Blink
  1336 | D:3      | Reached XP level 4. HP: 3/30 MP: 0/11
  1432 | D:3      | Reached skill level 4 in Spellcasting
  1609 | D:3      | Reached XP level 5. HP: 27/36 MP: 7/14
  1818 | D:3      | Noticed Nicoed's ghost (average DgHu)
  1849 | D:3      | Slain by Nicoed's ghost

Action                   |  1- 3 |  4- 6 || total
-------------------------+-------+-------++-------
Melee: Unarmed           |   132 |    21 ||   153
Throw: Dart              |     3 |       ||     3
 Cast: Magic Dart        |    91 |    61 ||   152
       Blink             |     2 |     2 ||     4
       Mephitic Cloud    |     2 |       ||     2
       Conjure Flame     |     1 |       ||     1
Evoke: Wand              |       |     5 ||     5
  Use: Potion            |     1 |       ||     1
